 Dungeon Crawl Stone Soup version 0.28-a0-476-g0f06bd746f (webtiles) character file.

Game seed: 5920572087473368401

0 spiderkeys the Ducker (level 1, -5/11 HPs)
             Began as a Spriggan Abyssal Knight on Sept 17, 2021.
             Was a Follower of Lugonu.
             Slain by an ancient zyme (12 damage)
             ... on level 3 of the Abyss.
             The game lasted 00:00:17 (83 turns).

spiderkeys the Ducker (Spriggan Abyssal Knight)       Turns: 83, Time: 00:00:17

Health: -5/11      AC:  2    Str:  8    XL:     1   Next: 0%
Magic:  2/2        EV: 17    Int: 13    God:    Lugonu [*.....]
Gold:   23         SH:  0    Dex: 14    Spells: 0/0 levels left

rFire   . . .      SeeInvis +   a - +1 short sword
rCold   . . .      Faith    .   (shield restricted)
rNeg    . . .      Spirit   .   b - +0 robe
rPois   .          Reflect  .   (helmet restricted)
rElec   .          Harm     .   (no cloak)
rCorr   .          Rampage  .   (gloves unavailable)
Will    .....      Rnd*Tele +   (boots unavailable)
Stlth   +.........              (no amulet)
HPRegen 0.03/turn               (no ring)
MPRegen 0.08/turn               (no ring)

@: very quick
A: very small, no large weapons, unfitting armour, see invisible, speed 3, [low
mp 2], [teleportitis 2]
a: Renounce Religion, Depart the Abyss


You were on level 3 of the Abyss.
You worshipped Lugonu.
Lugonu was aware of your devotion.
You visited 0 branches of the dungeon, and saw 0 of its levels.
You visited the Abyss 1 time.

You collected 23 gold pieces.


Innate Abilities, Weirdness & Mutations

You are very small and have problems with some larger weapons.
You are too small for most types of armour.
You have supernaturally acute eyesight. (SInv)
You cover ground extremely quickly. (Speed+++)
[Your magical capacity is very low. (-20% MP)]
[You are sometimes teleported next to monsters.]


   Skills:
 + Level 2.4 Fighting
 + Level 2.1 Short Blades
 + Level 3.2 Dodging
 + Level 1.7 Invocations


You couldn't memorise any spells.
You didn't know any spells.
Your spell library was empty.

Inventory:

Hand Weapons
 a - a +1 short sword (weapon)
Armour
 b - a +0 robe (worn)

Dungeon Overview and Level Annotations

Branches:
Dungeon (0/15)

Altars:

.. . # .
..
.#####c.
##...##
##.xm..##
#..*#s.φ#
#.xXs.#
#@..x##
#.#####..#
#. # ##


You could see a starcursed mass, a merfolk javelineer, a wretched star, 2
ancient zymes, an orb spider (summoned), a worldbinder and a jumping spider
(summoned).


Message History

🤖 Initializing magus.rc ...
Options error: Delay interrupt name "hungry" not recognised. (~/.crawlrc:4988) ✅ Successfully initialized magus.rc [v1.9.10] Welcome, spiderkeys the Spriggan Abyssal Knight.
Will you prevail where others failed? Will you find the Orb of Zot?
Lugonu says: Depart the Abyss and spread corruption, my servant! (use the ability menu to exit the Abyss) Press ? for a list of commands and other information.
Found a corrupted altar of Lugonu.
There is a corrupted altar of Lugonu here.
There is a corrupted altar of Lugonu here.
Found a corrupted altar of Lugonu.
Found a gateway leading deeper into the Abyss.
There is a gateway leading deeper into the Abyss here.
You plunge deeper into the Abyss.
Found a gateway leading deeper into the Abyss.
Found 23 gold pieces.
Found a corrupted altar of Lugonu.
There is a gateway leading deeper into the Abyss here.
You now have 23 gold pieces.
Found a gateway leading deeper into the Abyss.
There is a gateway leading deeper into the Abyss here.
You can't go up here!
You plunge deeper into the Abyss.
The abyssal rune of Zot can be found at this depth.
The satyr shouts!
The merfolk javelineer shouts!
You open the door.
A lurking horror comes into view.
The worldbinder calls forth creatures from the Spider Nest!
You feel yourself growing ill in the presence of the ancient zyme.
The wretched star pulses with an eldritch light!
You feel weirdly uncertain.
You feel even more weirdly uncertain.
You feel less energetic. x2 😎 MP[-1]
The jumping spider hisses angrily.
There is an open door here.
You hit the lurking horror.
Your body is wracked with pain!
The orb spider convulses!
The merfolk javelineer convulses!
The jumping spider convulses!
The tarantella convulses!
The ancient zyme completely misses you. The ancient zyme hits you!
Ouch! That really hurt!
You die...

Action                   || total
-------------------------++-------
Melee: Short sword       ||     1
Dodge: Dodged            ||     1

Levels and vault maps discovered:
Abyss:3:  base: Temple, minivault_13, nicolae_abyss_rune_left_handed,
          hangedman_abyss_or_decor_jellyfish_corner

Notes
Turn   | Place    | Note
-------+----------+-------------------------------------------
     0 | Abyss:1  | spiderkeys the Spriggan Abyssal Knight began the quest for
                  | the Orb.
     0 | Abyss:1  | Reached XP level 1. HP: 11/11 MP: 3/3
     0 | Abyss:1  | magus.rc [v1.9.10]
    11 | Abyss:1  | Found a corrupted altar of Lugonu.
    44 | Abyss:2  | Found a corrupted altar of Lugonu.
    80 | Abyss:3  | Noticed a satyr
    80 | Abyss:3  | Noticed an ancient zyme
    80 | Abyss:3  | Noticed a merfolk javelineer
    80 | Abyss:3  | Noticed a wretched star
    80 | Abyss:3  | Noticed a starcursed mass
    80 | Abyss:3  | Noticed a worldbinder
    80 | Abyss:3  | Noticed an ancient zyme
    82 | Abyss:3  | Noticed an orb spider
    82 | Abyss:3  | Noticed a tarantella
    82 | Abyss:3  | Noticed a jumping spider
    83 | Abyss:3  | Slain by an ancient zyme

Vanquished Creatures
  A lurking horror (Abyss:3)
1 creature vanquished.

Table legend:
 A = Non-vault XP
 B = Vault XP
 C = Vault XP percentage of total XP
 D = Non-vault monster count
 E = Vault monster count
 F = Vault count percentage of total count
                 A         B        C        D         E       F
            +---------+---------+-------+---------+---------+-------
      Total |       0 |       0 |   N/A |       0 |       0 |  -nan
            +---------+---------+-------+---------+---------+-------
            +---------+---------+-------+---------+---------+-------

Illustrated notes

Table legend: (Time is in decaauts)
 A = Elapsed time spent in this place.
 B = Non-inter-level travel time spent in this place.
 C = Inter-level travel time spent in this place.
 D = Time resting spent in this place.
 E = Time spent auto-exploring this place.
 F = Levels seen in this place.
 G = Mean time per level.
                   A        B        C        D        E       F      G
               +--------+--------+--------+--------+--------+-----+--------+
         Total |     51 |     51 |      0 |      0 |     19 |   3 |   17.0 |
         Abyss |     51 |     51 |      0 |      0 |     19 |   3 |   17.0 |
               +--------+--------+--------+--------+--------+-----+--------+

Top non-repeatable levels by time:
 Abyss:1: 26 daAuts
 Abyss:2: 23 daAuts
 Abyss:3: 2 daAuts
